 Dungeon Crawl Stone Soup version 0.29.0-11-gd7f09526c8 (webtiles) character file.

Game seed: 10547945549762611858

191357 Armakuni the Gelid (level 17, -3/128 HPs)
             Began as a Demigod Delver on Sept 3, 2022.
             Killed from afar by a deep elf sorcerer (40 damage)
             ... with damnation
             ... on level 3 of the Elven Halls.
             The game lasted 02:29:33 (42173 turns).

Armakuni the Gelid (Demigod Delver)                Turns: 42173, Time: 02:29:34

Health: -3/128     AC: 22    Str: 21    XL:     17   Next: 38%
Magic:  16/37      EV: 15    Int: 32    God:
Gold:   207        SH:  2    Dex: 18    Spells: 8/38 levels left

rFire   + + +      SeeInvis +   a - staff of conjuration
rCold   + . .      Faith    .   E - orb {*channel}
rNeg    + . .      Spirit   .   h - quicksilver dragon scales
rPois   .          Reflect  .   n - +2 hat of the World {*Slow rF+++ Int+4 SInv}
rElec   .          Harm     .   H - +2 cloak of Winter {Dex+3 Slay+2}
rCorr   +          Rampage  .   f - +2 pair of gloves
Will    +++++      Clarity  +   g - +0 pair of boots "Nyasyg" {rC+ Str+4}
Stlth   +++.......              C - amulet of the Four Winds {rN+ Will+++ Clar}
HPRegen 0.31/turn               K - ring of the Octopus King {rCorr HP+2 AC+2 EV+2 SH+2}
MPRegen 0.25/turn               W - ring of wizardry

@: slowed, studying 2 skills, very slow
A: high MP 1, forlorn, divine attributes
a: no special abilities


You were on level 3 of the Elven Halls.
You visited 4 branches of the dungeon, and saw 25 of its levels.
You also visited: Bailey and Wizlab.

You collected 4047 gold pieces.
You spent 3840 gold pieces at shops.

Inventory:

Hand Weapons
 b - the +7 war axe of the Yoke {freeze, Fly rF+ Int+5 SInv}
   (You took it off a wight on level 8 of the Dungeon)

   It freezes those it strikes, dealing additional cold damage.
   It can also slow down cold-blooded creatures.
   Int:       It affects your intelligence (+5).
   rF:        It protects you from fire.
   SInv:      It lets you see invisible.
   Fly:       It grants you flight.
Armour
 f - a +2 pair of gloves (worn)
 g - the +0 pair of boots "Nyasyg" (worn) {rC+ Str+4}
   (You bought it in a shop on level 1 of the Elven Halls)

   Str:       It affects your strength (+4).
   rC:        It protects you from cold.
 h - quicksilver dragon scales (worn)
 n - the +2 hat of the World (worn) {*Slow rF+++ Int+4 SInv}
   (You found it in a wizard's laboratory)

   Int:       It affects your intelligence (+4).
   rF:        It renders you almost immune to fire.
   SInv:      It lets you see invisible.
   *Slow:     It may slow you when you take damage.
 E - an orb of energy (worn)
 H - the +2 cloak of Winter (worn) {Dex+3 Slay+2}
   (You found it in a wizard's laboratory)

   Dex:       It affects your dexterity (+3).
   Slay:      It affects your accuracy & damage with ranged weapons and melee
   (+2).
Magical Staves
 a - a staff of conjuration (weapon)
Jewellery
 C - the amulet of the Four Winds (around neck) {rN+ Will+++ Clar}
   (You found it on level 1 of the Lair of Beasts)

   [amulet of nothing]

   rN:        It protects you from negative energy.
   Clar:      It protects you against confusion.
   Will:      It greatly increases your willpower.
 K - a ring of the Octopus King (left hand) {rCorr HP+2 AC+2 EV+2 SH+2}
   (You found it on level 5 of the Lair of Beasts)

   [ring of resist corrosion]

   AC:        It affects your AC (+2).
   EV:        It affects your evasion (+2).
   HP:        It affects your health (+2).
   rCorr:     It protects you from acid and corrosion.
   SH:        It affects your SH (+2).
 W - a ring of wizardry (right hand)
Wands
 k - a wand of digging (4)
 m - a wand of mindburst (2)
 p - a wand of polymorph (26)
 r - a wand of roots (3)
 v - a wand of flame (30)
Scrolls
 c - a scroll of fog
 d - 3 scrolls of fear
 o - 3 scrolls of blinking
 s - 2 scrolls of amnesia
 t - a scroll of noise
 u - 10 scrolls of identify
 w - 3 scrolls of poison
 x - 6 scrolls of silence
 y - 6 scrolls of butterflies
 B - a scroll of immolation
 J - a scroll of enchant weapon
 O - a scroll of enchant armour {unknown}
 P - 9 scrolls of teleportation
 R - 2 scrolls of magic mapping
 T - 4 scrolls of vulnerability
Potions
 e - 7 potions of flight
 i - 2 potions of resistance
 q - 10 potions of curing
 z - 3 potions of heal wounds
 A - 2 potions of might
 D - 2 potions of haste
 F - 2 potions of invisibility
 G - 2 potions of magic
 L - 3 potions of brilliance
 M - 7 potions of ambrosia
 N - 3 potions of cancellation
 U - 11 potions of mutation
 X - a potion of berserk rage
 Y - 2 potions of lignification
Miscellaneous
 j - a condenser vane (inert)
 l - a box of beasts
 I - a phantom mirror


   Skills:
 - Level 5.0 Fighting
 - Level 3.3(8.2) Maces & Flails
 - Level 11.7(12.0) Staves
 - Level 5.0 Armour
 - Level 5.0 Dodging
 - Level 5.5 Stealth
 - Level 11.1 Spellcasting
 - Level 14.1 Conjurations
 + Level 16.3 Ice Magic
 - Level 5.0 Air Magic
 - Level 10.0 Evocations


You had 8 spell levels left.
You knew the following spells:

 Your Spells              Type           Power      Damage    Failure   Level
a - Ozocubu's Armour      Ice            89%        N/A       0%          3
c - Mephitic Cloud        Conj/Pois/Air  73%        N/A       1%          3
e - Ensorcelled Hibernat  Hex/Ice        100%       N/A       1%          2
h - Swiftness             Air            49%        N/A       1%          3
j - Freezing Cloud        Conj/Ice/Air   48%        6-21      1%          5
o - Orb of Destruction    Conj           52%        9d13      4%          7
r - Ozocubu's Refrigerat  Ice            44%        4d17      1%          7

Your spell library contained the following spells:

 Spells                   Type           Power      Damage    Failure   Level
 Magic Dart               Conj           100%       1d8       0%          1
 Searing Ray              Conj           100%       2d8       0%          2
 Summon Small Mammal      Summ           68%        N/A       1%          1
 Iskenderun's Battlesphe  Conj           100%       2d15      1%          5
 Call Imp                 Summ           17%        N/A       2%          2
 Passwall                 Tmut/Erth      14%        N/A       2%          2
 Fireball                 Conj/Fire      38%        3d16      2%          5
 Call Canine Familiar     Summ           17%        N/A       5%          3
 Confusing Touch          Hex            17%        N/A       5%          3
 Ignite Poison            Fire/Tmut/Pois 17%        N/A       5%          3
 Portal Projectile        Hex/Tloc       34%        N/A       5%          3
 Summon Guardian Golem    Hex/Summ       17%        N/A       5%          3
 Tukima's Dance           Hex            17%        N/A       5%          3
 Conjure Ball Lightning   Conj/Air       43%        3x3d15    5%          6
 Anguish                  Hex/Necr       8%         N/A       16%         4
 Cause Fear               Hex            8%         N/A       16%         4
 Blade Hands              Tmut           8%         N/A       41%         5
 Yara's Violent Unravell  Hex/Tmut       8%         3d5       41%         5
 Enfeeble                 Hex            8%         N/A       100%        7
 Chain Lightning          Conj/Air       43%        3d58      100%        9
 Fire Storm               Conj/Fire      38%        8d10      100%        9
 Shatter                  Erth           8%         3d10*     100%        9


Dungeon Overview and Level Annotations

Branches:
Dungeon (15/15)            Temple (0/1) D:5            Lair (5/5) D:11
 Shoals (0/4) Lair:3       Spider (0/4) Lair:3        Slime (0/5) Lair:5
    Orc (2/2) D:10            Elf (3/3) Orc:2        Vaults (0/5) D:14
 Depths (0/4) D:15         Bailey (visited)          WizLab (visited)

Shops:
D:9 [   D:13 [   D:14 :   Orc:2 (*:[   Elf:1 =![?!!   Elf:2 =

Portals:
Abyss: Orc:2

Annotations:
D:3 2 transporters
Orc:2 2 transporters, Galthrax's ghost, journeyman KoHu
Elf:1 3 runed translucent doors, exclusion: obsidian statue, nmsoi's ghost, journeyman DsCj
Elf:2 3 runed translucent doors, exclusion: 3 doors


Innate Abilities, Weirdness & Mutations

You have an increased reservoir of magic. (+10% MP)
You shall have no god before yourself.
Your divine heritage dramatically boosts your attributes as you level up.


Message History

You hear a shout!
The deep elf sorcerer gestures wildly while chanting.
The deep elf sorcerer seems to speed up.
The orb of destruction hits the deep elf blademaster!!!!
The deep elf blademaster is severely wounded.
Casting: Orb of Destruction (dangerous; 4% risk of failure)
Confirm with . or Enter, or press ? or * to list all spells.
Aiming: Orb of Destruction (dangerous; 4% risk of failure)
Press: ? - help, Shift-Dir - straight line, f/p - deep elf sorcerer
Aim: a deep elf sorcerer, wielding a +0 long sword You feel a surge of power!
The deep elf sorcerer becomes larger for a moment.
A deep elf demonologist comes into view.
It is wielding a +0 long sword.
The deep elf sorcerer gestures wildly while chanting.
The deep elf sorcerer seems to speed up.
A deep elf demonologist comes into view.
It is wielding a +2 vampiric rapier.
The orb of destruction hits the deep elf sorcerer!!!
You blow up the deep elf sorcerer!
You hear a shout!
Casting: Orb of Destruction (dangerous; 4% risk of failure)
Confirm with . or Enter, or press ? or * to list all spells.
Aiming: Orb of Destruction (dangerous; 4% risk of failure)
Press: ? - help, Shift-Dir - straight line, f - deep elf blademaster
Aim: a deep elf blademaster, wielding two +0 rapiers and wearing a +2 leather armour of cold resistance (freezing vapour, severely wounded)
You feel a surge of power!
The wavering orb of destruction hits the deep elf blademaster!!!
You blow up the deep elf blademaster!
The deep elf sorcerer points at you and mumbles some strange words.
The sphere of damnation explodes!
The damnation engulfs you!!
* * * LOW HITPOINT WARNING * * *
A deep elf master archer comes into view.
You hear a shout! x3
Okay, then.
The deep elf demonologist is engulfed in freezing vapours.
Blink to where?
Press: ? - help, Dir - move target
As you read the scroll of blinking, it crumbles to dust.
The deep elf sorcerer gestures at you while chanting.
The sphere of damnation explodes!
The damnation engulfs you!!!
You die...

#.# #...... #.#
#...... #####+#
##.....
##.)...###'#....
##.).....#'###...
##.........##
####
##...).....).##
#.............#
#.@....)...)..#
+...(.).....).#
#.........))..#
#...........).#
##...........##
##.........##
##e......##
##.ยง.....##
##..#######


You could see a deep elf sorcerer (fast).

Vanquished Creatures
  Jorgrun (Orc:2)
  A walking crystal tome (WizLab)
  A walking earthen tome (WizLab)
  A deep elf blademaster (Elf:3)
  A sphinx (D:14)
  Donald (Orc:2)
  A tengu reaver (D:14)
  2 strange machines (WizLab)
  4 deep elf sorcerers
  3 orc warlords
  A deep elf elementalist (Elf:3)
  A deep elf demonologist (Elf:2)
  2 ettins
  A deep elf death mage (Elf:2)
  13 hydras
  Harold (Orc:1)
  2 boulder beetles
  An ice dragon (D:14)
  A catoblepas (D:13)
  8 vault guards
  6 rakshasas (WizLab)
  2 ogre magi
  5 centaur warriors
  A merfolk avatar (Lair:5)
  11 two-headed ogres
  A death knight (D:14)
  21 dancing weapons
  5 death yaks (Lair:5)
  2 tengu warriors
  A shock serpent (shapeshifter) (Elf:1)
  4 orc high priests
  15 deep elf knights
  A sea snake (Lair:5)
  4 deep trolls
  5 skeletal warriors
  14 deep elf archers
  A harpy (Lair:5)
  15 deep elf zephyrmancers
  15 orc knights
  A lindwurm (shapeshifter) (Elf:2)
  3 wizards
  6 orc sorcerers
  23 deep elf pyromancers
  5 manticores
  4 oklob plants (D:14)
  5 elephants
  9 ugly things
  10 cyclopes
  2 moths of wrath (Lair:1)
  6 black mambas
  A torpor snail (Lair:1)
  2 gargoyles
  2 rime drakes
  20 cane toads
  2 kobold demonologists (D:10)
  2 ice devils (D:13)
  12 komodo dragons
  2 tengu conjurers (D:15)
  2 wind drakes (Lair:5)
  A queen bee (D:14)
  4 polar bears (Lair:5)
  3 hornets
  A wolf spider simulacrum (D:15)
  4 meliai (D:14)
  11 trolls
  20 slime creatures
  15 blink frogs
  6 dream sheep
  A snapping turtle (Lair:5)
  Sigmund (D:6)
  2 jumping spiders (Lair:3)
  An air elemental (Elf:2)
  5 water elementals
  A shadow (D:12)
  3 fire elementals
  6 wraiths
  5 wyverns
  58 yaks
  4 basilisks
  A redback (Lair:3)
  A steam dragon (D:8)
  A vampire mosquito (D:12)
  3 acid dragons
  5 wargs
  10 water moccasins
  55 orc warriors
  4 ice beasts
  9 black bears
  11 ogres
  2 boggarts (Elf:1)
  7 wolves
  7 centaurs
  2 phantoms
  9 kobold brigands
  Blork the orc (Orc:2)
  9 bullfrogs
  A necrophage (D:5)
  5 scorpions
  2 earth elementals (Elf:2)
  3 gnoll sergeants
  5 wights
  51 killer bees
  2 electric eels (Lair:2)
  5 jellies
  27 orc priests
  A hound (D:5)
  4 gnoll boudas
  5 iguanas
  36 orc wizards
  2 hell rats (Lair:5)
  Robin (D:4)
  23 gnolls
  6 adders
  6 river rats (Lair:5)
  A shadow imp (D:5)
  2 white imps
  5 ufetubi
  4 worms
  2 dart slugs (D:2)
  106 orcs
  12 endoplasms
  A giant cockroach (D:4)
  14 hobgoblins
  18 jackals
  40 kobolds
  10 ball pythons
  5 bats
  4 frilled lizards
  18 goblins
  5 rats
1016 creatures vanquished.

Vanquished Creatures (collateral kills)
  The ghost of Shym the Grappler, a novice TrGl of Ru (Lair:1)
  A dancing weapon (WizLab)
  A jelly (D:5)
3 creatures vanquished.

Vanquished Creatures (others)
  An acid dragon (D:5)
  A killer bee (D:14)
  A howler monkey (D:5)
  22 fungi
  64 plants
89 creatures vanquished.

Grand Total: 1108 creatures vanquished

Notes
Turn   | Place    | Note
-------+----------+-------------------------------------------
     0 | D:5      | Armakuni the Demigod Delver began the quest for the Orb.
     0 | D:5      | Reached XP level 1. HP: 18/18 MP: 3/3
    23 | D:5      | Noticed a phantom
    28 | D:5      | Identified the +6 hand axe of Infection {venom, Str+3}
   280 | D:5      | Found a staircase to the Ecumenical Temple.
   306 | D:5      | Noticed a scorpion
   321 | D:5      | Killed a scorpion
   322 | D:5      | Reached XP level 2. HP: 11/26 MP: 4/4
   322 | D:5      | Reached XP level 3. HP: 14/31 MP: 5/5
   340 | D:5      | Reached skill level 5 in Stealth
   340 | D:5      | Reached XP level 4. HP: 8/38 MP: 6/6
   881 | D:6      | Killed a phantom
   882 | D:6      | Reached XP level 5. HP: 30/46 MP: 7/7
  1146 | D:5      | Noticed a centaur
  1158 | D:5      | Killed a centaur
  1160 | D:5      | Reached XP level 6. HP: 48/52 MP: 8/8
  1253 | D:4      | Noticed Robin
  1272 | D:4      | Killed Robin
  1283 | D:4      | Reached skill level 1 in Staves
  1776 | D:3      | Found a transporter.
  1783 | D:3      | Identified the +7 spear "Foupuys" {elec, rF+ rC+ Str+4
                  | Dex+2}
  2776 | D:2      | Identified the +0 robe of Distant Worlds {rPois rF+++ Will+
                  | Stlth-}
  3651 | D:3      | Found a transporter.
  4175 | D:4      | Reached XP level 7. HP: 38/58 MP: 9/9
  4619 | D:5      | Reached skill level 5 in Staves
  5209 | D:5      | Reached XP level 8. HP: 66/66 MP: 10/10
  5750 | D:6      | Learned a level 5 spell: Freezing Cloud
  6107 | D:6      | Reached skill level 1 in Spellcasting
  6107 | D:6      | Reached skill level 1 in Conjurations
  6107 | D:6      | Reached skill level 1 in Ice Magic
  6107 | D:6      | Reached skill level 1 in Air Magic
  6331 | D:6      | Learned a level 3 spell: Mephitic Cloud
  6496 | D:6      | Noticed Sigmund
  6509 | D:6      | Killed Sigmund
  7692 | D:7      | Reached XP level 9. HP: 26/71 MP: 13/13
  9422 | D:8      | Reached skill level 5 in Conjurations
 10188 | D:9      | Noticed a centaur warrior
 10191 | D:9      | Noticed a two-headed ogre
 10210 | D:9      | Killed a centaur warrior
 10211 | D:9      | Reached XP level 10. HP: 73/78 MP: 4/14
 10774 | D:9      | Reached skill level 10 in Conjurations
 10774 | D:9      | Reached skill level 1 in Evocations
 11143 | D:9      | Found Hemozod's Antique Armour Boutique.
 11149 | D:9      | Bought an ichor-stained kite shield for 237 gold pieces
 11149 | D:9      | Identified the +1 kite shield "Uqag" {+Blink Will- Str+4}
                  | (You bought it in a shop on level 9 of the Dungeon)
 11152 | D:9      | Bought a shimmering leather armour for 175 gold pieces
 11152 | D:9      | Identified the +1 leather armour "Huem Ompan" {rCorr} (You
                  | bought it in a shop on level 9 of the Dungeon)
 11192 | D:9      | Identified the +7 war axe of the Yoke {freeze, Fly rF+
                  | Int+5 SInv}
 11824 | D:9      | Reached skill level 5 in Air Magic
 12272 | D:9      | Killed a two-headed ogre
 12589 | D:9      | Reached skill level 2 in Ice Magic
 13189 | D:10     | Entered Level 10 of the Dungeon
 13234 | D:10     | Noticed a two-headed ogre
 13251 | D:10     | Killed a two-headed ogre
 13252 | D:10     | Reached skill level 5 in Evocations
 13425 | D:10     | Found a flagged portal.
 13439 | D:10     | Reached skill level 3 in Ice Magic
 13439 | D:10     | Reached XP level 11. HP: 83/83 MP: 6/15
 13457 | Bailey   | Entered a bailey
 13545 | Bailey   | Noticed an orc knight
 13545 | Bailey   | Noticed an orc knight
 13580 | Bailey   | Reached skill level 4 in Ice Magic
 14156 | Bailey   | Killed an orc knight
 14159 | Bailey   | Killed an orc knight
 14335 | Bailey   | Identified the +0 plate armour "Wotzoroto" {+Inv Will++}
 14381 | Bailey   | Reached skill level 5 in Ice Magic
 14782 | D:10     | Found a staircase to the Orcish Mines.
 15177 | D:10     | Noticed a two-headed ogre
 15183 | D:10     | Killed a two-headed ogre
 17030 | D:11     | Identified the +7 war axe "Nirohui" {protect, Int+2}
 17421 | D:11     | Reached skill level 5 in Spellcasting
 17836 | D:11     | Found a staircase to the Lair.
 18345 | D:12     | Reached XP level 12. HP: 51/91 MP: 3/23
 18542 | D:12     | Reached skill level 6 in Ice Magic
 19044 | D:12     | Reached skill level 7 in Ice Magic
 19078 | D:12     | Reached XP level 13. HP: 96/96 MP: 10/27
 19723 | D:13     | Reached skill level 10 in Evocations
 19872 | D:13     | Reached skill level 1 in Armour
 20083 | D:13     | Found Vuatoesa's Antique Armour Shoppe.
 20093 | D:13     | Bought a pair of boots for 103 gold pieces
 20284 | D:13     | Reached skill level 5 in Fighting
 20335 | D:13     | Identified the +3 sling of the Doomed Warrior {flame, Fly
                  | rF++ Dex+2}
 20783 | D:14     | Found a gate to the Vaults.
 20907 | Orc:1    | Entered Level 1 of the Orcish Mines
 21106 | Orc:1    | Noticed an orc warlord
 21120 | Orc:1    | Killed an orc warlord
 21268 | Orc:1    | Noticed Harold
 21277 | Orc:1    | Killed Harold
 21794 | Orc:2    | Entered Level 2 of the Orcish Mines
 21800 | Orc:2    | Reached skill level 5 in Dodging
 21805 | Orc:2    | Reached skill level 5 in Armour
 22174 | Orc:2    | Noticed an orc warlord
 22182 | Orc:2    | Paralysed by an orc sorcerer for 3 turns
 22192 | Orc:2    | Killed an orc warlord
 22196 | Orc:2    | Noticed Blork the orc
 22297 | Orc:2    | Killed Blork the orc
 22515 | Orc:2    | Reached XP level 14. HP: 107/107 MP: 6/29
 22743 | Orc:2    | Paralysed by an orc sorcerer for 5 turns
 22854 | Orc:2    | Found Meihijed's Antique Weapon Boutique.
 22869 | Orc:2    | Found Vyqiav's General Store.
 22931 | Orc:2    | Found a staircase to the Elven Halls.
 23057 | Orc:2    | Noticed an orc warlord
 23059 | Orc:2    | Noticed Jorgrun
 23063 | Orc:2    | Noticed Galthrax's ghost (journeyman KoHu)
 23074 | Orc:2    | Killed Jorgrun
 23193 | Orc:2    | Noticed Donald
 23195 | Orc:2    | Noticed an orc warlord
 23200 | Orc:2    | Killed Donald
 23218 | Orc:2    | Killed an orc warlord
 23526 | Orc:2    | Found a transporter.
 23672 | Orc:2    | Found Puruuh's Antique Armour Boutique.
 23687 | Orc:2    | Found Lodeock's Book Boutique.
 23694 | Orc:2    | Bought a book of the Spheres for 702 gold pieces
 23703 | Orc:2    | Learned a level 7 spell: Orb of Destruction
 23769 | Orc:2    | Bought a scroll of summoning for 104 gold pieces
 23953 | Orc:2    | Found a transporter.
 23953 | Orc:2    | Found a one-way gate to the infinite horrors of the Abyss.
 24088 | Lair:1   | Entered Level 1 of the Lair of Beasts
 24088 | Lair:1   | Found a transporter.
 24471 | Lair:1   | Identified a scroll of acquirement
 24472 | Lair:1   | Acquired 784 gold pieces
 24488 | Lair:1   | Identified the +3 ring mail of the Bulwark {rF++ Will- MP+9
                  | Stlth+}
 24581 | Lair:1   | Found a transporter.
 24598 | Lair:1   | Found the amulet of the Four Winds {rN+ Will+++ Clar}
 24623 | Lair:1   | Noticed Shym's ghost (novice TrGl)
 26685 | Lair:3   | Found a hole to the Spider Nest.
 27263 | Lair:3   | Reached skill level 10 in Spellcasting
 27410 | Lair:3   | Found a staircase to the Shoals.
 29067 | Lair:5   | Entered Level 5 of the Lair of Beasts
 29074 | Lair:5   | Reached XP level 15. HP: 82/113 MP: 29/34
 29266 | Lair:5   | Paralysed by a hornet for 3 turns
 29627 | Lair:5   | Identified the +9 demon trident of the Warrior {drain,
                  | *Rage rF+ Will++ Int+3 Stlth+}
 30169 | Lair:5   | Found a staircase to the Slime Pits.
 30388 | Lair:5   | Found the ring of the Octopus King
 30414 | Lair:5   | Got the Anthology of the Salvo and Glamour
 30417 | Lair:5   | Identified a ring of the Octopus King {rCorr HP+2 AC+2 EV+2
                  | SH+2}
 31329 | Lair:1   | Killed Shym's ghost
 31417 | Lair:1   | Learned a level 7 spell: Ozocubu's Refrigeration
 31421 | Lair:1   | Learned a level 3 spell: Ozocubu's Armour
 31963 | D:13     | Reached skill level 10 in Staves
 32431 | D:14     | Reached skill level 8 in Ice Magic
 32590 | D:14     | Noticed a sphinx
 32605 | D:14     | Killed a sphinx
 33169 | D:14     | Noticed a tengu reaver
 33190 | D:14     | Reached skill level 9 in Ice Magic
 33195 | D:14     | Killed a tengu reaver
 33854 | D:14     | Found Erocieff's Self-Improvement Boutique.
 33862 | D:14     | Bought a manual of Maces & Flails for 800 gold pieces
 34308 | D:15     | Entered Level 15 of the Dungeon
 34316 | D:15     | Reached XP level 16. HP: 102/119 MP: 36/36
 34788 | D:15     | Reached skill level 10 in Ice Magic
 35079 | D:15     | Found a staircase to the Depths.
 35701 | Elf:1    | Entered Level 1 of the Elven Halls
 35805 | Elf:1    | Reached skill level 11 in Ice Magic
 35936 | Elf:1    | Found Wyovudghi's Distillery.
 35957 | Elf:1    | Bought a potion of resistance for 160 gold pieces
 35957 | Elf:1    | Bought a potion of magic for 128 gold pieces
 35957 | Elf:1    | Bought a potion of haste for 160 gold pieces
 35957 | Elf:1    | Bought a potion of mutation for 128 gold pieces
 35957 | Elf:1    | Bought a potion of mutation for 128 gold pieces
 35975 | Elf:1    | Found a magical portal.
 35985 | WizLab   | Entered Tukima's Studio
 36147 | WizLab   | Noticed a walking crystal tome
 36155 | WizLab   | Killed a walking crystal tome
 36316 | WizLab   | Noticed Armakuni's illusion
 36357 | WizLab   | Reached skill level 12 in Ice Magic
 36666 | WizLab   | Identified the +2 hat of the World {*Slow rF+++ Int+4 SInv}
 36689 | WizLab   | Learned a level 3 spell: Swiftness
 36779 | WizLab   | Noticed a walking earthen tome
 36779 | WizLab   | Noticed a walking earthen tome
 36781 | WizLab   | Noticed a walking earthen tome
 36806 | WizLab   | Killed a walking earthen tome
 36957 | WizLab   | Identified the +2 cloak of Winter {Dex+3 Slay+2}
 37200 | Elf:1    | Found Zoasaf's Jewellery Emporium.
 37245 | Elf:1    | Found a runed translucent gate.
 37245 | Elf:1    | Found a runed translucent gate.
 37245 | Elf:1    | Found a runed translucent gate.
 37246 | Elf:1    | Noticed nmsoi's ghost (journeyman DsCj)
 37294 | Elf:1    | Found Vunias's Distillery.
 37312 | Elf:1    | Found Heyl's Magic Scroll Shop.
 37316 | Elf:1    | Bought a potion of haste for 160 gold pieces
 37316 | Elf:1    | Bought a potion of magic for 128 gold pieces
 37316 | Elf:1    | Bought a potion of mutation for 128 gold pieces
 37322 | Elf:1    | Bought a scroll of teleportation for 36 gold pieces
 37322 | Elf:1    | Bought a scroll of teleportation for 36 gold pieces
 37325 | Elf:1    | Learned a level 2 spell: Ensorcelled Hibernation
 37714 | Elf:1    | Found Owilucw's Antique Armour Shop.
 37727 | Elf:1    | Bought a pair of twisted boots for 332 gold pieces
 37727 | Elf:1    | Identified the +0 pair of boots "Nyasyg" {rC+ Str+4} (You
                  | bought it in a shop on level 1 of the Elven Halls)
 37747 | Elf:1    | Found Menom's Distillery.
 37750 | Elf:1    | Bought a potion of heal wounds for 75 gold pieces
 37750 | Elf:1    | Bought a potion of cancellation for 120 gold pieces
 37905 | Elf:1    | Reached skill level 13 in Ice Magic
 38832 | Elf:2    | Paralysed by an air elemental for 1 turns
 38847 | Elf:2    | Reached skill level 14 in Ice Magic
 39471 | Elf:2    | Found Qaippicw's Jewellery Shop.
 39580 | Elf:2    | Reached XP level 17. HP: 89/126 MP: 8/37
 40268 | Elf:2    | Reached skill level 15 in Ice Magic
 40909 | Elf:2    | Found a runed translucent gate.
 40910 | Elf:2    | Found a runed translucent gate.
 40910 | Elf:2    | Found a runed translucent gate.
 41732 | Elf:3    | Entered Level 3 of the Elven Halls
 41882 | Elf:3    | Reached skill level 16 in Ice Magic
 42164 | Elf:3    | Noticed a deep elf blademaster
 42168 | Elf:3    | Killed a deep elf blademaster
 42173 | Elf:3    | Killed from afar by a deep elf sorcerer

Illustrated notes

Levels and vault maps discovered:
D:1:      mrwooster_arrival_statue_3, layout_basic,
          chequers_ecumenical_altar_grove
D:2:      layout_loops_ring, basic_altar
D:3:      layout_basic, gammafunk_ghost_gnarly_gnolls
D:4:      layout_rooms, nicolae_overflow_crystal_walls,
          minmay_manual_monstrance, uniq_robin
D:5:      layout_cave_pools, okawaru_metal_pillars_1_2,
          mainiacjoe_overflow_tiny_flanked, minmay_temple_entry_trees,
          minmay_divided_ellipse
D:6:      layout_cave_pods, nicolae_overflow_hidden_temple, uniq_sigmund
D:7:      layout_basic
D:8:      layout_gridville, serial_glass, glass_columns_a, glass_columns_a
D:9:      minmay_bloctagon, layout_irregular_city, serial_shops,
          nicolae_stop_n_shop_2, billiards_dpeg
D:10:     layout_layer_cave, gammafunk_temple_overflow_wave, xom_butterflies,
          hiddenorc1_lemuel, enter_bailey_5
D:11:     layout_irregular_city, david_lair_shrubbed
D:12:     layout_cave_pools, amcnicky_mini_pool_medium
D:13:     layout_loops_ring, special_room [special_room_orc],
          portal_ice_cave_demonic_guard, serial_shops, nicolae_shop_behind_doors
D:14:     hangedman_what_comes_after_a, layout_loops_ring, erik_vaults_2,
          kennysheep_decorative_pillar, nicolae_shop_self_help
D:15:     hangedman_depths_entry_civil_slaughter, layout_long_grid,
          kiku_gazebo_pond_becter
Lair:1:   layout_chaotic_city, gammafunk_ghost_berserking_beasts,
          beast_lair_carwin_3, grunt_megastairs_3
Lair:2:   layout_gridlike, serial_bayou_shore_b
Lair:3:   layout_gridlike, elwin_shoals_entry_rocks, spider_nest_entry_a,
          grunt_megastairs_2
Lair:4:   layout_hall_layers
Lair:5:   gammafunk_lair_ancient_temple, layout_cave_pods,
          nicolae_slime_entry_slimehenge, kennysheep_rathole
Orc:1:    layout_diamond_mine, basic_altar, uniq_harold
Orc:2:    grunt_orc_cross, layout_caves, gammafunk_ghost_abyssal_escape,
          uniq_donald, uniq_jorgrun
Elf:1:    nicolae_elf_arrival_no_cutting_in_line, layout_loops_cross,
          mu_enter_wizlab_4, ebering_ghost_gozag, serial_shops,
          nicolae_shop_waterfront, nicolae_shop_advertising_works
          [nicolae_subvault_shop_adworks], shop, hangedman_elf_disciples,
          minmay_shop_enchanted_jewellery, drop_trap, nicolae_wooded_promenade
Elf:2:    nicolae_elf_blades_crystal_corner, layout_gridlike, serial_shops,
          nicolae_shop_window_shopping, nicolae_elf_theology_debate
Elf:3:    grunt_elf_hall_diamonds, layout_geoelf_diagonals

Skill      XL: |  1  2  3  4  5  6  7  8  9 10 11 12 13 14 15 16 17 |
---------------+----------------------------------------------------+-----
Fighting       | 3 5 |  5.0
Maces & Flails | 2 3 |  3.3
Dodging        | 2 3 5 |  5.0
Stealth        | 5 |  5.5
Staves         | 4 6 7 8 11 | 11.7
Spellcasting   | 1 5 6 7 10 11 | 11.1
Conjurations   | 3 8 10 13 14 | 14.1
Ice Magic      | 1 3 5 7 9 14 16 | 16.3
Air Magic      | 3 4 5 |  5.0
Evocations     | 5 8 9 10 | 10.0
Armour         | 5 |  5.0

Action                   |  1- 3 |  4- 6 |  7- 9 | 10-12 | 13-15 | 16-18 || total
-------------------------+-------+-------+-------+-------+-------+-------++-------
Melee: Hand axe          |     3 |   195 |   234 |   115 |       |       ||   547
       Punch             |       |     2 |     3 |     3 |     7 |       ||    15
       War axe           |       |       |       |   236 |    78 |       ||   314
       Staff             |       |       |       |       |   685 |   185 ||   870
Throw: Throwing net      |       |       |       |     5 |     2 |       ||     7
       Dart              |       |       |       |     2 |     7 |       ||     9
 Cast: Mephitic Cloud    |       |       |     8 |    56 |    37 |     3 ||   104
       Freezing Cloud    |       |       |       |    30 |   212 |    63 ||   305
       Orb of Destructio |       |       |       |       |    35 |    97 ||   132
       Ozocubu's Armour  |       |       |       |       |     1 |       ||     1
       Ozocubu's Refrige |       |       |       |       |       |    16 ||    16
Evoke: Wand              |       |       |     6 |     7 |    39 |    11 ||    63
       Condenser vane    |       |       |       |     1 |     5 |     4 ||    10
       Box of beasts     |       |       |       |       |       |     2 ||     2
  Use: Scroll            |     3 |     4 |    16 |     6 |    20 |     3 ||    52
       Potion            |     1 |       |     4 |     3 |     4 |     8 ||    20
 Stab: Sleeping          |     1 |    17 |     3 |     2 |     4 |       ||    27
       Distracted        |     1 |       |       |     1 |       |       ||     2
       Confused          |       |       |     3 |    21 |    13 |     1 ||    38
       Held in net/web   |       |       |       |     1 |       |       ||     1
       Invisible         |       |       |       |       |       |     2 ||     2
Armor: Leather armour    |     1 |    28 |       |    57 |       |       ||    86
       Robe              |       |    10 |    24 |       |       |       ||    34
       Skin              |       |       |    18 |       |       |       ||    18
       Steam dragon scal |       |       |    13 |     5 |       |       ||    18
       Troll leather arm |       |       |       |     5 |   196 |    20 ||   221
       Quicksilver drago |       |       |       |       |       |    29 ||    29
Dodge: Dodged            |     9 |   126 |   168 |   262 |   448 |    91 ||  1104
Block: Other             |       |     5 |    60 |    92 |   114 |     1 ||   272
       Reflection        |       |       |       |    11 |     5 |       ||    16
       Orb               |       |       |       |       |     9 |    10 ||    19
